 Dungeon Crawl Stone Soup version 0.21.1-1-g345015fe64 (webtiles) character file.

2139 Kohma the Carver (level 9, -1/72 HPs)
             Began as a Demonspawn Berserker on June 20, 2018.
             Was a Priest of Trog.
             Slain by a troll (3 damage)
             ... on level 6 of the Dungeon.
             The game lasted 00:15:13 (4831 turns).

Kohma the Carver (Demonspawn Berserker)             Turns: 4831, Time: 00:15:14

Health: -1/72      AC: 13    Str: 20    XL:     9   Next: 9%
Magic:  9/9        EV: 14    Int:  9    God:    Trog [***...]
Gold:   54         SH:  0    Dex: 13    Spells: 8/8 levels left

rFire    + . .     SeeInvis .   a - +1 falchion
rCold    . . .     Gourm    .   (no shield)
rNeg     . . .     Faith    .   u - +0 scale mail
rPois    .         Spirit   .   (helmet restricted)
rElec    .         Reflect  .   d - +0 cloak
rCorr    .         Harm     .   l - +1 pair of gloves
MR       ++...                  t - +0 pair of boots
Stlth    ..........             (no amulet)
HPRegen  1.22/turn              b - +4 ring of evasion
MPRegen  0.11/turn              (no ring)

@: berserk cooldown, regenerating, slowed, very slow
A: antennae 1, yellow scales 2, fire resistance 1, flame cloud immunity
a: Berserk, Trog's Hand, Burn Spellbooks, Renounce Religion


You were on level 6 of the Dungeon.
You worshipped Trog.
Trog was most pleased with you.
You were not hungry.

You visited 1 branch of the dungeon, and saw 6 of its levels.
You also visited: Sewer.

You collected 270 gold pieces.
You spent 216 gold pieces at shops.

Inventory:

Hand Weapons
 a - a +1 falchion (weapon)
 A - a +2 dagger of venom
Missiles
 g - 4 tomahawks of returning (quivered)
 B - a throwing net
Armour
 d - a +0 cloak (worn)
 l - a +1 pair of gloves (worn)
 t - a +0 pair of boots (worn)
 u - a +0 scale mail (worn)
 y - a cursed -1 leather armour
Jewellery
 b - a +4 ring of evasion (left hand)
 q - an uncursed ring of fire
 v - a cursed ring of flight
 w - an uncursed ring of fire
Wands
 j - a wand of disintegration (13)
 s - a wand of paralysis (13)
Scrolls
 e - 5 scrolls of teleportation
 m - 3 scrolls of remove curse
Potions
 f - 4 potions of brilliance
 h - a potion of lignification
 i - 2 potions of agility {unknown}
 k - 2 potions of flight
 n - 2 potions of ambrosia
 o - 2 potions of haste
 p - 3 potions of mutation
 r - 6 potions of curing
 z - 3 potions of heal wounds
Comestibles
 c - 4 rations


   Skills:
 + Level 7.5 Fighting
 * Level 9.4 Long Blades
 - Level 1.7 Armour
 - Level 1.7 Dodging


You had 8 spell levels left.
You didn't know any spells.

Dungeon Overview and Level Annotations

Branches:
Dungeon (6/15)
 Temple: D:4-7

Altars:
Ashenzari
Cheibriados
Ru
Uskayaw
Vehumet

Shops:
D:4 !:


Innate Abilities, Weirdness & Mutations

You have a pair of small antennae on your head.
You are mostly covered in yellow scales. (AC +3)
Your flesh is heat resistant. (rF+)
You are immune to clouds of flame.


Message History

* * * LOW HITPOINT WARNING * * *
The troll barely misses you. The troll closely misses you.
Your skin crawls.
You feel resistant to hostile enchantments.
You feel quite a bit more hungry. The troll bites you.
* * * LOW HITPOINT WARNING * * *
The troll claws you but does no damage. The troll barely misses you.
You hit the troll.
The troll is heavily wounded.
The troll bites you.
* * * LOW HITPOINT WARNING * * *
The troll closely misses you. The troll completely misses you.
Evoke which item? (* to show all) (? for menu, Esc to quit)
Aiming: Disintegrate
Press: ? - help, Shift-Dir - straight line, f - troll
Aim: a troll (heavily wounded, chance to defeat MR: 65%)
The troll is blasted.
The troll bites you!
* * * LOW HITPOINT WARNING * * *
The troll claws you.
You die...

#.# ##..####....
#.###...#
#...........
#....#..#
#.(.........
#..#####.#
...$....... ..##
.#####..........
.##
...#............
#.# #.##..#
......... #.##
#.## #.#
#.T......
#..###.# #.#
#@.......
.......#
#.###.#####..
.###..##
###.....## ##
##.####...###..#
#
##....##..###.##
#
#..#####)###..#
###.## ##)[...##
#..## ###......#
# ####
##..#.##.##


You could see a troll.

Vanquished Creatures
  A two-headed ogre (D:5)
  Prince Ribbit (D:5)
  A phantom (D:4)
  4 ogres
  A centaur (D:5)
  A big kobold (Sewer)
  A bullfrog (D:5)
  A scorpion (D:6)
  A crimson imp (D:5)
  A centaur zombie (D:5)
  A bullfrog zombie (D:6)
  A jelly (D:6)
  2 bullfrog skeletons
  An orc wizard (D:2)
  An orc priest (D:5)
  An iguana (D:5)
  4 worker ants
  4 gnolls (D:6)
  8 adders
  3 river rats (Sewer)
  An ooze (D:2)
  An adder skeleton (D:6)
  2 worms
  5 dart slugs
  5 leopard geckos
  7 orcs
  3 giant cockroaches
  7 goblins
  5 hobgoblins
  6 jackals
  9 kobolds
  A quokka (D:3)
  2 ball pythons
  A ball python skeleton (D:4)
  13 bats
  5 frilled lizards
  A jackal skeleton (D:4)
  7 rats
120 creatures vanquished.

Notes
Turn   | Place    | Note
-------+----------+-------------------------------------------
     0 | D:1      | Kohma the Demonspawn Berserker began the quest for the Orb.
     0 | D:1      | Reached XP level 1. HP: 18/18 MP: 1/1
    56 | D:1      | Reached skill level 3 in Long Blades
    58 | D:1      | Gained mutation: You have a pair of small antennae on your head. [demonic ancestry]
    58 | D:1      | Reached XP level 2. HP: 15/24 MP: 2/2
   442 | D:1      | Gained mutation: Your flesh is heat resistant. (rF+) [demonic ancestry]
   442 | D:1      | Reached XP level 3. HP: 27/29 MP: 3/3
   480 | D:1      | Reached ** piety under Trog
   930 | D:2      | Reached skill level 4 in Long Blades
   930 | D:2      | Reached XP level 4. HP: 33/37 MP: 4/4
  1413 | D:2      | Found a sacrificial altar of Ru.
  1428 | D:2      | Gained mutation: You are partially covered in yellow scales. (AC +2) [demonic ancestry]
  1428 | D:2      | Reached XP level 5. HP: 42/42 MP: 5/5
  1643 | D:2      | Found a snail-covered altar of Cheibriados.
  1643 | D:2      | Found a radiant altar of Vehumet.
  1644 | D:2      | Found a hide-covered altar of Uskayaw.
  2061 | D:3      | Found a sacrificial altar of Ru.
  2067 | D:3      | Found a shattered altar of Ashenzari.
  2149 | D:3      | Found a glowing drain.
  2163 | Sewer    | Entered a sewer
  2168 | Sewer    | Reached *** piety under Trog
  2174 | Sewer    | Reached skill level 5 in Long Blades
  2323 | Sewer    | Reached XP level 6. HP: 18/49 MP: 6/6
  2527 | Sewer    | Found a white marble altar of Elyvilon.
  2791 | D:4      | Found Faofess's Book Boutique.
  3405 | D:4      | Reached skill level 5 in Fighting
  3405 | D:4      | Reached skill level 6 in Long Blades
  3692 | D:4      | Gained mutation: You are immune to clouds of flame. [demonic ancestry]
  3692 | D:4      | Reached XP level 7. HP: 56/56 MP: 7/7
  3736 | D:4      | Found Syonimerri's Distillery.
  3744 | D:4      | Bought 2 potions of heal wounds for 120 gold pieces
  3744 | D:4      | Bought a potion of curing for 36 gold pieces
  3744 | D:4      | Bought a potion of heal wounds for 60 gold pieces
  3899 | D:5      | Entered Level 5 of the Dungeon
  3963 | D:5      | Noticed a two-headed ogre
  3976 | D:5      | Killed a two-headed ogre
  3976 | D:5      | Reached skill level 7 in Long Blades
  3976 | D:5      | Reached XP level 8. HP: 51/65 MP: 8/8
  3981 | D:5      | Reached skill level 8 in Long Blades
  4308 | D:5      | Noticed Prince Ribbit
  4314 | D:5      | Killed Prince Ribbit
  4574 | D:6      | Reached skill level 9 in Long Blades
  4800 | D:6      | Gained mutation: You are mostly covered in yellow scales. (AC +3) [demonic ancestry]
  4800 | D:6      | Reached XP level 9. HP: 72/72 MP: 9/9
  4818 | D:6      | Noticed a troll
  4831 | D:6      | HP: 2/72 [troll (12)]
  4831 | D:6      | Slain by a troll

Skill      XL: |  1  2  3  4  5  6  7  8 |
---------------+-------------------------+-----
Long Blades    | 3 4 5 6 7 9 |  9.4
Fighting       | 4 5 6 7 |  7.5
Armour         | |  1.7
Dodging        | |  1.7

Action                   |  1- 3 |  4- 6 |  7- 9 || total
-------------------------+-------+-------+-------++-------
Melee: Falchion          |    95 |   229 |   163 ||   487
Invok: Berserk           |       |     1 |     4 ||     5
       Trog's Hand       |       |       |     3 ||     3
Evoke: Wand              |       |       |     1 ||     1
  Use: Scroll            |       |    12 |     2 ||    14
  Eat: Chunk             |       |     7 |     6 ||    13
       Ration            |       |     1 |     1 ||     2
Armor: Animal skin       |     3 |       |       ||     3
       Leather armour    |    32 |       |       ||    32
       Scale mail        |       |   112 |    45 ||   157
Dodge: Dodged            |    97 |   186 |   151 ||   434
       Rpst.: Falchion   |    34 |    54 |    47 ||   135
